 Dungeon Crawl Stone Soup version 0.28.0-53-g5a82cb258f (webtiles) character file.

Game seed: 11937058592969203843

5 H0rd4k the Charlatan (level 1, -1/15 HPs)
             Began as a Human Artificer on July 18, 2022.
             Killed from afar by a dart slug (3 damage)
             ... with a slug dart
             ... on level 1 of the Dungeon.
             The game lasted 00:00:18 (207 turns).

H0rd4k the Charlatan (Human Artificer)               Turns: 207, Time: 00:00:19

Health: -1/15      AC:  3    Str: 12    XL:     1   Next: 88%
Magic:  1/1        EV: 11    Int: 11    God:
Gold:   14         SH:  0    Dex: 13    Spells: 0/0 levels left

rFire   . . .      SeeInvis .   a - +0 club
rCold   . . .      Faith    .   (no shield)
rNeg    . . .      Spirit   .   b - +0 leather armour
rPois   .          Reflect  .   (no helmet)
rElec   .          Harm     .   (no cloak)
rCorr   .          Rampage  .   (no gloves)
Will    .....                   (no boots)
Stlth   +.........              (no amulet)
HPRegen 0.05/turn               (no ring)
MPRegen 0.07/turn               (no ring)

@: no status effects
A: no striking features
a: no special abilities


You were on level 1 of the Dungeon.
You visited 1 branch of the dungeon, and saw 1 of its levels.

You collected 14 gold pieces.

Inventory:

Hand Weapons
 a - a +0 club (weapon)
Armour
 b - a +0 leather armour (worn)
Wands
 c - a wand of flame (15) (quivered)
 d - a wand of charming (14)
Scrolls
 f - a scroll of vulnerability {unknown}
Potions
 g - a potion of flight {unknown}
Miscellaneous
 e - a piece from Xom's chessboard (15/15)


   Skills:
 + Level 1.0 Fighting
 - Level 2.0 Armour
 + Level 1.0 Dodging
 - Level 1.0 Stealth
 + Level 3.3 Evocations


You couldn't memorise any spells.
You didn't know any spells.
Your spell library was empty.

Dungeon Overview and Level Annotations

Branches:
Dungeon (1/15)

Altars:

Shops:
D:1 *

Annotations:
D:1 1 runed translucent door


Message History

The quokka is severely wounded.
The quokka bites you.
* * * LOW HITPOINT WARNING * * *
The quokka bites you but does no damage.
You miss the quokka.
The quokka is severely wounded.
The quokka closely misses you.
You closely miss the quokka.
The quokka is severely wounded.
The quokka twitches its whiskers.
The quokka misses you.
The quokka twitches its whiskers.
The quokka closely misses you.
You barely miss the quokka.
The quokka is heavily wounded.
The quokka bites you.
* * * LOW HITPOINT WARNING * * *
Aiming: Charm
Press: ? - help, Shift-Dir - straight line, f - quokka
Aim: a quokka (heavily wounded, chance to affect: 73%)
The quokka is charmed.
The goblin closely misses your quokka.
The dart slug barely misses your quokka.
Unknown command.
What are your orders? t - Shout!
Orders for allies: a - Attack new target. p - Attack previous target. r - Retreat! s - Stop attacking. g - Guard the area. f - Follow me.
Anything else - Cancel.
Guard this area!
Your quokka bites the goblin.
The goblin closely misses your quokka.
Your quokka bites the goblin.
The goblin dies!
The dart slug launches a dart at you. The slug dart hits your quokka.
Your quokka dies!
The dart slug launches a dart at you. The slug dart misses you.
The dart slug launches a dart at you. The slug dart hits you.
You die...

....... #.#.####...
....... #w#........
...... #.#........
......##.#........
# #......>........
#.##...............
............>...###
##.....#########
##...@# #...∩#
#....# ######


You could see a dart slug.

Vanquished Creatures
  A dart slug (D:1)
  An endoplasm (D:1)
2 creatures vanquished.

Vanquished Creatures (collateral kills)
  A goblin (D:1)
1 creature vanquished.

Vanquished Creatures (others)
  A quokka (D:1)
1 creature vanquished.

Grand Total: 4 creatures vanquished

Notes
Turn   | Place    | Note
-------+----------+-------------------------------------------
     0 | D:1      | H0rd4k the Human Artificer began the quest for the Orb.
     0 | D:1      | Reached XP level 1. HP: 15/15 MP: 1/1
     1 | D:1      | Found a runed translucent door.
   176 | D:1      | Found Feray's General Store.
   207 | D:1      | Killed from afar by a dart slug

Illustrated notes

Levels and vault maps discovered:
D:1:      dpeg_arrival_caged_fury, layout_rooms, serial_shops, shop

Action                   || total
-------------------------++-------
Melee: Club              ||    24
       Punch             ||     2
Evoke: Wand              ||     1
Armor: Leather armour    ||     4
Dodge: Dodged            ||    25
